 Dungeon Crawl Stone Soup version 0.21-a0-442-g848f44b3bc (webtiles) character file.

49643 AsandaNima the Fencer (level 14, -8/135 HPs)
             Began as a Minotaur Berserker on Nov 15, 2017.
             Was a High Priest of Trog.
             Mangled by Frances
             ... wielding a +2 glaive of venom
              (22 damage)
             ... on level 13 of the Dungeon.
             The game lasted 01:34:12 (19447 turns).

AsandaNima the Fencer (Minotaur Berserker)         Turns: 19447, Time: 01:34:13

Health: -8/135     AC: 18    Str: 28    XL:     14   Next: 16%
Magic:  13/13      EV: 11    Int:  4    God:    Trog [*****.]
Gold:   1050       SH:  0    Dex:  9    Spells: 13/13 levels left

rFire    + . .     SeeInvis .   N - +1 double sword (elec)
rCold    . . .     Gourm    .   (no shield)
rNeg     . . .     Faith    .   v - +0 plate armour
rPois    .         Spirit   .   B - +1 hat
rElec    .         Reflect  .   (no cloak)
rCorr    .         Harm     .   g - +0 pair of gloves
MR       +....                  (no boots)
Stlth    ..........             f - amulet of regeneration
HPRegen  0.72/turn              (no ring)
MPRegen  0.13/turn              y - ring of protection from fire

@: lethally poisoned (-8 -> -61), berserk cooldown, slowed, very slow
A: retaliatory headbutt, horns 2
a: Berserk, Trog's Hand, Brothers in Arms, Burn Spellbooks, Renounce Religion


You were on level 13 of the Dungeon.
You worshipped Trog.
Trog was extremely pleased with you.
You were near starving.

You visited 2 branches of the dungeon, and saw 19 of its levels.
You also visited: Sewer.

You collected 1050 gold pieces.

Inventory:

Hand Weapons
 F - a +3 great sword of protection
 N - a +1 double sword of electrocution (weapon)
 Q - a +0 scimitar of flaming
Missiles
 a - 2 tomahawks of returning
 n - 562 stones (quivered)
Armour
 g - a +0 pair of gloves (worn)
 v - a +0 plate armour (worn)
 B - a +1 hat (worn)
Jewellery
 f - an amulet of regeneration (around neck)
 y - a ring of protection from fire (right hand)
Wands
 D - a wand of paralysis (11/24)
 J - a wand of polymorph (10/24)
 R - a wand of random effects (21/48)
Scrolls
 b - 3 scrolls of recharging
 i - 3 scrolls of fog
 j - a scroll of random uselessness {unknown}
 l - 8 scrolls of remove curse
 m - a scroll of magic mapping {unknown}
 p - 12 scrolls of enchant armour
 s - 5 scrolls of teleportation
 u - 3 scrolls of fear
 x - 2 scrolls of immolation
 A - a scroll of enchant weapon {unknown}
 E - 2 scrolls of vulnerability
 H - 2 scrolls of blinking {unknown}
 I - 2 scrolls of brand weapon {unknown}
 P - a scroll of holy word {unknown}
Potions
 d - 5 potions of flight
 e - 8 potions of curing
 h - 4 potions of brilliance
 k - 2 potions of resistance
 o - 4 potions of heal wounds
 t - a potion of berserk rage
 w - 3 potions of ambrosia
 z - 4 potions of lignification
 C - 2 potions of might
 K - 3 potions of haste
 M - 2 potions of agility
 O - 2 potions of magic
Comestibles
 c - 8 bread rations
 q - 12 royal jellies
 r - 4 meat rations
 G - 3 chunks of flesh
 L - 2 fruits


   Skills:
 + Level 15.3 Fighting
 * Level 16.8 Long Blades
 - Level 7.2 Throwing
 + Level 13.8 Armour
 - Level 8.3 Dodging


You had 13 spell levels left.
You didn't know any spells.

Dungeon Overview and Level Annotations

Branches:
Dungeon (13/15)            Temple (0/1) D:7            Lair (6/6) D:10
 Shoals (0/4) Lair:3        Snake (0/4) Lair:3        Slime (0/5) Lair:5
    Orc (0/2) D:12
 Vaults: D:13-14

Altars:
Dithmenos
Elyvilon
Fedhas
Gozag
Hepliaklqana
Kikubaaqudgha
Okawaru
Trog
Uskayaw
Vehumet
Wu Jian
Yredelemnul
Jiyva

Annotations:
D:9 1 runed door
D:13 Frances


Innate Abilities, Weirdness & Mutations

You reflexively headbutt those who attack you in melee.
You have a pair of horns on your head.


Message History

Something tries to feed on your intellect!
Your troll goes berserk!
You are near starving!
You feel extremely sick. The soul eater hits you.
* * * LOW HITPOINT WARNING * * *
Frances hits you but does no damage.
You are more poisoned.
The soul eater hits you!
* * * LOW HITPOINT WARNING * * *
As you read the scroll of fog, it crumbles to dust.
The scroll dissolves into smoke.
* * * LOW HITPOINT WARNING * * *
You feel extremely sick. Frances completely misses you.
Your troll rages.
The soul eater hits you!
* * * LOW HITPOINT WARNING * * *
Frances hits you from afar with a glaive of venom!!
You die...

..##...### ####.....#
.........# ......>..#
.........#
..##...############### #
..##...#......§..#...##..
..##...#.......§T#.....(.
..##...#.......§@#3..(...
.......#.......§§3@5.(...
.......#.........#35....?
.<.....+.........#.......
..##'###.........#...##.#
..#....÷..########..?# #
..#.......# ....
..#.......# .....
..#.......# ......


You could see Frances, a soul eater, a sun demon, a white imp and a friendly
troll (berserk).

Vanquished Creatures
  Rupert (Lair:6)
  5 dire elephants (Lair:6)
  The ghost of Tzer0alt2 the Martial Artist, a journeyman GnTm of Cheibriados (D:10)
  A catoblepas (Lair:5)
  7 hydras
  An anaconda (Lair:6)
  Erica (Lair:1)
  5 death yaks (Lair:6)
  Urug (D:12)
  An unseen horror (D:11)
  A wolf spider zombie (D:13)
  3 manticores
  3 ugly things
  A cyclops (D:12)
  The ghost of dricus the Transmogrifier, a novice MfTm of Okawaru (D:7)
  10 elephants
  2 black mambas
  A torpor snail (Lair:6)
  6 spiny frogs
  A gargoyle (D:10)
  A rime drake (Lair:3)
  4 komodo dragons
  2 trolls
  3 blink frogs (Lair:3)
  7 hippogriffs
  A shadow (D:12)
  2 wraiths
  43 yaks
  A basilisk (Lair:2)
  A wyvern (Lair:5)
  A human (D:7)
  4 hogs (D:7)
  An acid dragon (D:11)
  Duvessa (D:4)
  14 water moccasins
  2 ice beasts (D:5)
  11 porcupines
  A phantom (D:8)
  13 orc warriors
  2 black bears
  5 ogres
  4 sky beasts
  18 wolves
  An eye of draining (D:12)
  2 centaurs
  14 crocodiles
  2 big kobolds
  15 bullfrogs
  Dowan (D:4)
  3 scorpions
  3 howler monkeys (D:10)
  3 crimson imps
  2 bullfrog zombies
  A centaur zombie (D:7)
  A quasit (D:6)
  5 hounds
  3 jellies
  6 orc priests
  2 bullfrog skeletons
  9 orc wizards
  Terence (D:2)
  3 iguanas
  Ijyb (D:5)
  7 worker ants
  A killer bee zombie (D:10)
  4 hound zombies
  2 howler monkey zombies
  6 gnolls
  4 river rats
  13 adders
  2 shadow imps (D:6)
  2 adder zombies
  An adder skeleton (D:7)
  5 worms
  3 dart slugs
  2 leopard geckos
  40 orcs
  5 bats
  6 giant cockroaches
  8 hobgoblins
  3 jackals
  7 quokkas
  4 ball pythons
  8 frilled lizards
  6 goblins
  13 kobolds
  A leopard gecko skeleton (D:4)
  A leopard gecko zombie (D:5)
  11 rats
  A butterfly (Lair:1)
  8 plants
447 creatures vanquished.

Vanquished Creatures (others)
  A water moccasin (Lair:5)
  A bush (D:10)
  7 fungi
  17 plants
26 creatures vanquished.

Grand Total: 473 creatures vanquished

Notes
Turn   | Place    | Note
-------+----------+-------------------------------------------
     0 | D:1      | AsandaNima the Minotaur Berserker began the quest for the Orb.
     0 | D:1      | Reached XP level 1. HP: 19/19 MP: 0/0
   452 | D:1      | Reached skill level 4 in Long Blades
   452 | D:1      | Reached XP level 2. HP: 20/27 MP: 1/1
  1166 | D:2      | Reached ** piety under Trog
  1177 | D:2      | Reached XP level 3. HP: 31/33 MP: 2/2
  1397 | D:2      | Reached skill level 5 in Long Blades
  1474 | D:2      | Reached XP level 4. HP: 40/40 MP: 3/3
  1486 | D:2      | Noticed Terence
  1499 | D:2      | Killed Terence
  1525 | D:2      | Found a basalt altar of Yredelemnul.
  1606 | D:2      | Found an ornate altar of the Wu Jian Council.
  1714 | D:2      | Found a hide-covered altar of Uskayaw.
  1714 | D:2      | Found an opulent altar of Gozag.
  1879 | D:2      | Reached skill level 6 in Long Blades
  2110 | D:2      | Found a bloodstained altar of Trog.
  2260 | D:3      | Found an iron altar of Okawaru.
  2270 | D:3      | Reached XP level 5. HP: 47/47 MP: 4/4
  2865 | D:4      | Reached *** piety under Trog
  2865 | D:4      | Reached skill level 7 in Long Blades
  2955 | D:4      | Found a glowing drain.
  3015 | Sewer    | Entered a sewer
  3025 | Sewer    | Reached XP level 6. HP: 36/53 MP: 5/5
  3260 | Sewer    | Found a white marble altar of Elyvilon.
  3363 | D:4      | Noticed Duvessa
  3370 | D:4      | Noticed Dowan
  3377 | D:4      | Killed Duvessa
  3377 | D:4      | Reached skill level 8 in Long Blades
  3379 | D:4      | Killed Dowan
  3379 | D:4      | Reached skill level 5 in Fighting
  3379 | D:4      | Reached XP level 7. HP: 61/61 MP: 6/6
  3476 | D:4      | Found a shadowy altar of Dithmenos.
  3576 | D:4      | Found a blossoming altar of Fedhas.
  3577 | D:4      | Found an ancient bone altar of Kikubaaqudgha.
  3789 | D:4      | Reached skill level 9 in Long Blades
  3870 | D:4      | Found a hazy altar of Hepliaklqana.
  4134 | D:5      | Entered Level 5 of the Dungeon
  4258 | D:5      | Reached skill level 10 in Long Blades
  4258 | D:5      | Reached XP level 8. HP: 54/69 MP: 7/7
  4864 | D:5      | Noticed Ijyb
  4865 | D:5      | Paralysed by Ijyb for 5 turns
  4873 | D:5      | Killed Ijyb
  4873 | D:5      | Reached skill level 5 in Armour
  5042 | D:6      | Reached **** piety under Trog
  5564 | D:6      | Reached skill level 11 in Long Blades
  6089 | D:7      | Noticed dricus's ghost (novice MfTm)
  6103 | D:7      | Killed dricus's ghost
  6225 | D:7      | Found a staircase to the Ecumenical Temple.
  6246 | D:7      | Reached XP level 9. HP: 75/75 MP: 8/8
  6449 | D:7      | Reached skill level 12 in Long Blades
  6756 | D:8      | Reached skill level 13 in Long Blades
  7854 | D:8      | Found a white marble altar of Elyvilon.
  7855 | D:8      | Found a radiant altar of Vehumet.
  8094 | D:9      | Reached XP level 10. HP: 86/86 MP: 9/9
  8099 | D:9      | Reached skill level 14 in Long Blades
  8166 | D:9      | Found a white marble altar of Elyvilon.
  8166 | D:9      | Found a runed door.
  8166 | D:9      | Noticed an angel
  8325 | D:10     | Entered Level 10 of the Dungeon
  8360 | D:10     | Reached skill level 1 in Throwing
  8380 | D:10     | Found a staircase to the Lair.
  8522 | D:10     | Received a gift from Trog
  8993 | D:10     | Received a gift from Trog
  9008 | D:10     | Reached ***** piety under Trog
  9559 | D:10     | Noticed a gargoyle
  9624 | D:10     | Killed a gargoyle
  9938 | D:10     | Noticed Tzer0alt2's ghost (journeyman GnTm)
  9959 | D:10     | Killed Tzer0alt2's ghost
  9959 | D:10     | Reached skill level 10 in Fighting
  9959 | D:10     | Reached XP level 11. HP: 99/99 MP: 10/10
 10251 | D:11     | Received a gift from Trog
 10316 | D:11     | Killed an unseen horror
 10316 | D:11     | Reached skill level 5 in Dodging
 10538 | D:11     | Reached skill level 10 in Armour
 11134 | Lair:1   | Entered Level 1 of the Lair of Beasts
 11211 | Lair:1   | Noticed Erica
 11219 | Lair:1   | Killed Erica
 11356 | Lair:1   | Reached skill level 5 in Throwing
 11582 | Lair:1   | Noticed a four-headed hydra
 11594 | Lair:1   | Killed a ten-headed hydra
 12205 | Lair:2   | Noticed a five-headed hydra
 12213 | Lair:2   | Killed a four-headed hydra
 12736 | Lair:3   | Reached XP level 12. HP: 112/112 MP: 11/11
 12794 | Lair:3   | Received a gift from Trog
 13156 | Lair:3   | Found a staircase to the Snake Pit.
 13160 | Lair:3   | Noticed a seven-headed hydra
 13173 | Lair:3   | Killed a two-headed hydra
 13176 | Lair:3   | Noticed an eight-headed hydra
 13186 | Lair:3   | Killed a six-headed hydra
 13323 | Lair:3   | Received a gift from Trog
 13572 | Lair:3   | Found a staircase to the Shoals.
 14642 | Lair:4   | Received a gift from Trog
 15553 | Lair:5   | Reached XP level 13. HP: 124/124 MP: 12/12
 15805 | Lair:5   | Found a viscous altar of Jiyva.
 15806 | Lair:5   | Found a staircase to the Slime Pits.
 16053 | Lair:6   | Entered Level 6 of the Lair of Beasts
 16059 | Lair:6   | Noticed Rupert
 16338 | Lair:6   | Reached skill level 15 in Long Blades
 16771 | Lair:6   | Killed Rupert
 16771 | Lair:6   | Received a gift from Trog
 17593 | Lair:6   | Noticed a dire elephant
 17606 | Lair:6   | Killed a dire elephant
 17606 | Lair:6   | Reached skill level 16 in Long Blades
 17835 | Lair:6   | Noticed a dire elephant
 17836 | Lair:6   | Noticed a dire elephant
 17845 | Lair:6   | Killed a dire elephant
 17850 | Lair:6   | Killed a dire elephant
 17936 | Lair:6   | Reached skill level 15 in Fighting
 18035 | Lair:6   | Noticed a dire elephant
 18035 | Lair:6   | Noticed a dire elephant
 18045 | Lair:6   | Killed a dire elephant
 18049 | Lair:6   | Killed a dire elephant
 18353 | D:12     | Received a gift from Trog
 18360 | D:12     | Reached XP level 14. HP: 135/135 MP: 13/13
 18420 | D:12     | Found a staircase to the Orcish Mines.
 19121 | D:12     | Noticed Urug
 19128 | D:12     | Killed Urug
 19428 | D:13     | Noticed Frances
 19447 | D:13     | Mangled by Frances

Vault maps used:
D:1:      shiori_arrival_oz
D:2:      nicolae_overflow_hidden_temple, overflow_temple_1_default,
          marbit_many_paths, uniq_terence
D:3:      okawaru_ov_weapons_minmay, st_stairs_8
D:4:      grunt_temple_overflow_growth_and_decay, old_standard_altar,
          portal_sewer_entry_e, st_stairs_3, nicolae_dithmenos_shadow_blocks,
          uniq_duvessa
D:5:      first_bread, supply_closet_lemuel, uniq_ijyb
D:7:      minmay_temple_entry_crystal_x, grunt_livestock
D:8:      grunt_temple_overflow_open
D:9:      basic_altar, lemuel_angel_altar
D:10:     minmay_lair_entry_grove
D:11:     special_room
D:12:     orc_0_dummy, lab_entry_generic, uniq_urug
D:13:     uniq_josephine, uniq_frances, uniq_azrael, uniq_maurice
Lair:1:   grunt_megastairs_1, infiniplex_staircase_pool, lemuel_fruit_fields,
          uniq_erica
Lair:3:   shoals_dummy_entry, minmay_snake_entry_six_corridors, serial_forest,
          infiniplex_forest_zigzag_1, infiniplex_forest_pool,
          infiniplex_forest_straight_4, infiniplex_forest_clump_large,
          infiniplex_forest_diagonal, infiniplex_forest_lined_corner,
          infiniplex_forest_end_1, infiniplex_forest_lined_3,
          infiniplex_forest_lined_corner
Lair:5:   dpeg_slime_entry_enclosed_altar, serial_bayou_shore_a
Lair:6:   due_jungle_book, uniq_rupert
Sewer:    sewer_kobolds

Skill      XL: |  1  2  3  4  5  6  7  8  9 10 11 12 13 |
---------------+----------------------------------------+-----
Long Blades    | 4 5 6 7 8 10 11 13 14 16 | 16.8
Fighting       | 4 5 6 7 10 12 14 15 | 15.3
Armour         | 3 4 6 8 9 11 12 13 | 13.8
Throwing       | 3 5 7 |  7.2
Dodging        | 4 6 8 |  8.3

Action                   |  1- 3 |  4- 6 |  7- 9 | 10-12 | 13-15 || total
-------------------------+-------+-------+-------+-------+-------++-------
Melee: Falchion          |    79 |   103 |       |       |       ||   182
       Headbutt          |    10 |    32 |    48 |   157 |    70 ||   317
       Long sword        |       |    16 |   228 |   470 |       ||   714
       Scimitar          |       |       |       |    74 |    14 ||    88
       Great sword       |       |       |       |    40 |   220 ||   260
       Double sword      |       |       |       |       |    15 ||    15
Throw: Stone             |     1 |    51 |   133 |   298 |   146 ||   629
Invok: Berserk           |       |     1 |     4 |    15 |    11 ||    31
       Trog's Hand       |       |       |       |     3 |     1 ||     4
       Brothers in Arms  |       |       |       |     1 |     1 ||     2
       Burn Spellbooks   |       |       |       |       |     1 ||     1
  Use: Scroll            |       |     4 |    12 |     5 |     7 ||    28
       Potion            |       |       |       |     4 |     1 ||     5
  Eat: Chunk             |     2 |     6 |    17 |    19 |    20 ||    64
       Fruit             |       |       |     2 |     3 |     2 ||     7
       Bread ration      |       |       |       |     3 |       ||     3
       Meat ration       |       |       |       |     1 |       ||     1
Armor: Animal skin       |    14 |       |       |       |       ||    14
       Scale mail        |    14 |     2 |       |       |       ||    16
       Plate armour      |       |    56 |   131 |   261 |   131 ||   579
Dodge: Dodged            |    49 |    39 |    75 |   182 |   103 ||   448
       Rpst.: Falchion   |    11 |    14 |       |       |       ||    25
       Long sword        |       |       |    23 |    42 |       ||    65
       Scimitar          |       |       |       |     5 |       ||     5
       Great sword       |       |       |       |    11 |    15 ||    26
       Double sword      |       |       |       |       |     2 ||     2

Table legend:
 A = Spawn XP
 B = Non-spawn XP
 C = Spawn XP percentage of total XP
 D = Spawn monster count
 E = Non-spawn monster count
 F = Spawn count percentage of total count
 G = Total turns spent on level
                    A         B        C        D         E        F      G
               +---------+---------+-------+---------+---------+-------+---------
         Total |       0 |   70919 |   0.0 |       0 |     438 |   0.0 | 19447
               +---------+---------+-------+---------+---------+-------+---------
           D:1 |       0 |      28 |   0.0 |       0 |      18 |   0.0 |  1153
           D:2 |       0 |     154 |   0.0 |       0 |      25 |   0.0 |   974
           D:3 |       0 |      79 |   0.0 |       0 |      21 |   0.0 |   618
           D:4 |       0 |     678 |   0.0 |       0 |      26 |   0.0 |  1070
           D:5 |       0 |     531 |   0.0 |       0 |      15 |   0.0 |   813
           D:6 |       0 |     550 |   0.0 |       0 |      12 |   0.0 |   931
           D:7 |       0 |    1822 |   0.0 |       0 |      16 |   0.0 |   812
           D:8 |       0 |    1152 |   0.0 |       0 |      20 |   0.0 |  1318
           D:9 |       0 |    1438 |   0.0 |       0 |      12 |   0.0 |   317
          D:10 |       0 |    5305 |   0.0 |       0 |      50 |   0.0 |  1808
          D:11 |       0 |    3368 |   0.0 |       0 |      33 |   0.0 |  1023
          D:12 |       0 |    5197 |   0.0 |       0 |      26 |   0.0 |   985
          D:13 |       0 |    1873 |   0.0 |       0 |       5 |   0.0 |   133
        Lair:1 |       0 |    3625 |   0.0 |       0 |      16 |   0.0 |   823
        Lair:2 |       0 |    2601 |   0.0 |       0 |      11 |   0.0 |   803
        Lair:3 |       0 |    9793 |   0.0 |       0 |      38 |   0.0 |  1425
        Lair:4 |       0 |    3711 |   0.0 |       0 |      20 |   0.0 |  1037
        Lair:5 |       0 |    5707 |   0.0 |       0 |      23 |   0.0 |  1125
        Lair:6 |       0 |   23176 |   0.0 |       0 |      41 |   0.0 |  1960
         Sewer |       0 |     131 |   0.0 |       0 |      10 |   0.0 |   319
               +---------+---------+-------+---------+---------+-------+---------
